 Dungeon Crawl Stone Soup version 0.26.0-20-g3ca415f5b8 (webtiles) character file.

Game seed: 13409989026618452231

100 Delamore the Skirmisher (level 4, -3/29 HPs)
             Began as a Gargoyle Fighter on Jan 25, 2021.
             Slain by a gnoll
             ... wielding a +0 halberd
              (6 damage)
             ... on level 3 of the Dungeon.
             The game lasted 00:02:11 (2027 turns).

Delamore the Skirmisher (Gargoyle Fighter)          Turns: 2027, Time: 00:02:12

Health: -3/29      AC: 12    Str: 21    XL:     4   Next: 73%
Magic:  4/4        EV:  7    Int:  8    God:
Gold:   87         SH:  9    Dex:  9    Spells: 3/3 levels left

rFire    . . .     SeeInvis .   a - +0 flail
rCold    . . .     Faith    .   c - +0 kite shield
rNeg     + . .     Spirit   .   b - +0 scale mail
rPois    ∞         Reflect  .   i - +0 helmet
rElec    +         Harm     .   (no cloak)
rCorr    .         Rampage  .   (no gloves)
Will     .....                  o - +0 pair of boots
Stlth    ..........             (no amulet)
HPRegen  0.09/turn              (no ring)
MPRegen  0.09/turn              (no ring)

@: no status effects
A: negative energy resistance 1, electricity resistance, unbreathing,
petrification resistance, miasma immunity, AC +3
a: no special abilities


You were on level 3 of the Dungeon.
You visited 1 branch of the dungeon, and saw 3 of its levels.

You collected 87 gold pieces.

Inventory:

Hand Weapons
 a - a +0 flail (weapon)
Missiles
 k - 19 poisoned darts (quivered)
Armour
 b - a +0 scale mail (worn)
 c - a +0 kite shield (worn)
 i - a +0 helmet (worn)
 o - a +0 pair of boots (worn)
Scrolls
 f - a scroll of remove curse {unknown}
 g - 2 scrolls of identify {unknown}
 h - 2 scrolls of fear {unknown}
 l - a scroll of enchant weapon {unknown}
 m - a scroll of noise {unknown}
Potions
 d - a potion of might
 e - 2 potions of curing {unknown}
 j - a potion of flight {unknown}
 n - a potion of berserk rage {unknown}


   Skills:
 + Level 4.3 Fighting
 + Level 3.1 Maces & Flails
 - Level 3.2 Armour
 + Level 4.3 Shields


You had 3 spell levels left.
You didn't know any spells.
Your spell library was empty.

Dungeon Overview and Level Annotations

Branches:
Dungeon (3/15)

Altars:


Innate Abilities, Weirdness & Mutations

You are resistant to torment.
Your stone body is resilient. (AC +3)
You are immune to poison.
You resist negative energy. (rN+)
You are resistant to electric shocks. (rElec)
You can survive without breathing.
You are immune to petrification.
You are immune to miasma.


Message History

You hit the goblin.
The goblin is moderately wounded.
You block the goblin's attack. The gnoll hits you but does no damage.
You closely miss the goblin.
The goblin is moderately wounded.
The goblin hits you but does no damage. You block the goblin's attack.
The gnoll hits you from afar with a +0 halberd!
* * * LOW HITPOINT WARNING * * *
You barely miss the goblin.
The goblin is moderately wounded.
The goblin hits you but does no damage. You block the gnoll's attack.
You hit the goblin.
You kill the goblin!
You block the gnoll's attack. You block the gnoll's attack.
You see here a +0 club.
You thump the gnoll!
The gnoll is severely wounded.
The gnoll hits you with a +0 halberd.
You die...

###
#<#
#@#
#g#
#r#
#g#
#.#
#<####
#....#
#....#
#.†.$#


You could see 2 gnolls and a rat.

Vanquished Creatures
  2 adders (D:2)
  2 gnolls (D:3)
  An ooze (D:1)
  2 dart slugs (D:2)
  7 bats
  2 giant cockroaches (D:1)
  5 hobgoblins
  6 jackals (D:2)
  A quokka (D:2)
  3 frilled lizards
  6 goblins
  6 kobolds
  13 rats
56 creatures vanquished.

Notes
Turn   | Place    | Note
-------+----------+-------------------------------------------
     0 | D:1      | Delamore the Gargoyle Fighter began the quest for the Orb.
     0 | D:1      | Reached XP level 1. HP: 14/14 MP: 1/1
   160 | D:1      | Reached XP level 2. HP: 10/19 MP: 2/2
   883 | D:1      | Reached XP level 3. HP: 24/24 MP: 3/3
  1332 | D:2      | Reached XP level 4. HP: 29/29 MP: 4/4
  2027 | D:3      | Slain by a gnoll

Illustrated notes

Levels and vault maps discovered:
D:1:      roderic_dead_forest, layout_basic
D:2:      layout_basic
D:3:      kennysheep_the_goblin_king, layout_basic

Skill      XL: |  1  2  3  4 |
---------------+-------------+-----
Fighting       | 4 |  4.3
Shields        | 4 |  4.3
Maces & Flails | 3 |  3.1
Armour         | |  3.2

Action                   |  1- 3 |  4- 6 || total
-------------------------+-------+-------++-------
Melee: Flail             |   123 |    84 ||   207
Armor: Scale mail        |    76 |    70 ||   146
Dodge: Dodged            |    31 |    51 ||    82
Block: Kite shield       |    61 |    67 ||   128
